 Dungeon Crawl Stone Soup version 0.30-a0-778-g2ef04afb54 (webtiles) character file.

Game seed: 415830293952599831

12201 dolemite99 the Grappler (level 11, -19/107 HPs)
             Began as a Troll Monk on Feb 15, 2023.
             Was a High Priest of Wu Jian.
             Demolished by a two-headed ogre
             ... wielding a +0 giant spiked club
              (20 damage)
             ... on level 11 of the Dungeon.
             The game lasted 00:15:31 (11755 turns).

dolemite99 the Grappler (Troll Monk)               Turns: 11755, Time: 00:15:32

Health: -19/107    AC:  4    Str: 31    XL:     11   Next: 59%
Magic:  10/10      EV:  9    Int:  6    God:    Wu Jian [*****.]
Gold:   667        SH: 10    Dex: 12    Spells: 7/10 levels left

rFire   . . .      SeeInvis .      - Unarmed
rCold   . . .      Faith    +    B - +0 kite shield
rNeg    . . .      Spirit   .    D - +1 steam dragon scales
rPois   .          Reflect  .    (helmet restricted)
rElec   .          Harm     .    (no cloak)
rCorr   .          Rampage  .    (gloves unavailable)
Will    +....                    (boots unavailable)
Stlth   ++                       x - amulet of faith
HPRegen 1.17/turn                z - +6 ring of strength
MPRegen 0.12/turn                s - ring of willpower

@: corroded
A: large, unfitting armour, claws 3, regeneration 1, shaggy fur 1, tough skin 1
a: Renounce Religion, Wall Jump, Serpent's Lash, Heavenly Storm


You were on level 11 of the Dungeon.
You worshipped Wu Jian.
Wu Jian was extremely pleased with you.
You visited 3 branches of the dungeon, and saw 13 of its levels.

You collected 667 gold pieces.

Inventory:

Hand Weapons
 w - the +7 quarterstaff of Reinforcement {venom, Drain rPois Int+6 SInv}
   (You found it on level 6 of the Dungeon)

   Int:       It affects your intelligence (+6).
   rPois:     It protects you from poison.
   SInv:      It lets you see invisible.
   Drain:     It drains your maximum health when unequipped.
Missiles
 e - 2 throwing nets (quivered)
 m - 6 poisoned darts
 y - 7 boomerangs
Armour
 a - a +2 robe
 B - a +0 kite shield (worn)
 D - +1 steam dragon scales (worn)
Jewellery
 d - a ring of resist corrosion
 r - a +6 ring of dexterity
 s - a ring of willpower (right claw)
 x - an amulet of faith (around neck)
 z - a +6 ring of strength (left claw)
 A - a ring of resist corrosion
Wands
 o - a wand of roots (3)
 p - a wand of digging (4)
 C - a wand of charming (12)
Scrolls
 c - 3 scrolls of identify {@r1}
 f - 4 scrolls of magic mapping
 h - 3 scrolls of immolation
 q - 2 scrolls of teleportation
Potions
 b - a potion of ambrosia
 g - a potion of lignification
 j - 2 potions of flight
 k - 3 potions of mutation
 l - 5 potions of cancellation
 n - 2 potions of resistance
 t - 4 potions of brilliance
 u - a potion of magic
 v - 2 potions of attraction


   Skills:
 + Level 6.9 Fighting
 - Level 2.4 Dodging
 - Level 1.0 Stealth
 + Level 8.4 Shields
 - Level 12.6 Unarmed Combat
 - Level 5.6 Evocations


You had 7 spell levels left.
You knew the following spells:

 Your Spells              Type           Power      Damage    Failure   Level
a - Ozocubu's Armour      Ice            0%         N/A       96%         3

Your spell library contained the following spells:

 Spells                   Type           Power      Damage    Failure   Level
 Summon Small Mammal      Summ           0%         N/A       67%         1
 Portal Projectile        Hex/Tloc       0%         N/A       96%         3
 Tukima's Dance           Hex            0%         N/A       96%         3
 Anguish                  Hex/Necr       0%         N/A       100%        4
 Animate Armour           Summ/Erth      0%         N/A       100%        4
 Leda's Liquefaction      Hex/Erth       0%         N/A       100%        4
 Blade Hands              Tmut           0%         N/A       100%        5
 Metabolic Englaciation   Hex/Ice        0%         N/A       100%        5
 Iron Shot                Conj/Erth      0%         9d1       100%        6
 Simulacrum               Ice/Necr       0%         N/A       100%        6


Dungeon Overview and Level Annotations

Branches:
Dungeon (11/15)            Temple (1/1) D:5            Lair (0/5) D:8
    Orc (1/2) D:9

Altars:
Ashenzari
Cheibriados
Dithmenos
Elyvilon
Fedhas
Gozag
Hepliaklqana
Kikubaaqudgha
Makhleb
Nemelex Xobeh
Okawaru
Qazlal
Ru
Sif Muna
Trog
Vehumet
Wu Jian
Xom
Yredelemnul
Zin
The Shining One

Shops:
D:3 =   D:9 [(   D:10 [

Portals:
Trove: D:10 (give +3 gold dragon scales)

Annotations:
D:8 Erica
D:10 3 runed translucent doors, Valamore's ghost, journeyman GrMo


Innate Abilities, Weirdness & Mutations

You are too large for most types of armour.
You have claws for hands.
Your natural rate of healing is unusually fast.
You are covered in fur. (AC +1)
You have tough skin. (AC +1)


Message History

You feel yourself speed up. The boulder beetle bites you!
You block the acid dragon's attack.
The acid dragon claws you but does no damage.
The boulder beetle bites you. The acid dragon bites you!
The acid dragon barely misses you.
A cyclops comes into view.
You spin and attack the acid dragon.
You barely miss the acid dragon.
The acid dragon is heavily wounded.
A shadow comes into view.
You block the acid dragon's attack. The acid dragon claws you.
* * * LOW HITPOINT WARNING * * *
The boulder beetle leaps!
You lunge at the cyclops.
You claw the cyclops!
The cyclops is moderately wounded.
You block the killer bee's attack. You block the cyclops's attack.
A wraith comes into view.
The shadow slips into darkness.
The shadow flickers and vanishes!
Deactivating autopickup; reactivate with Ctrl-A.
You feel better. The killer bee stings you. x2
* * * LOW HITPOINT WARNING * * *
You block the acid dragon's attack. The acid dragon claws you.
* * * LOW HITPOINT WARNING * * *
The cyclops hits you!
* * * LOW HITPOINT WARNING * * *
Your surroundings suddenly seem different.
A two-headed ogre comes into view.
It is wielding a +0 giant spiked club and a +0 giant club.
You claw the two-headed ogre!
The two-headed ogre is moderately wounded.
The two-headed ogre hits you with a +0 giant spiked club!
* * * LOW HITPOINT WARNING * * *
The two-headed ogre misses you.
You barely miss the two-headed ogre.
The two-headed ogre is moderately wounded.
You closely miss the two-headed ogre.
The two-headed ogre is moderately wounded.
The two-headed ogre hits you with a +0 giant spiked club.
* * * LOW HITPOINT WARNING * * *
The two-headed ogre hits you with a +0 giant club!!
You die...

.... ... #...
# #... .# #
#...####.##.#
#...........
#...O...#
#...@...+
#.......#
##+##....#
.#♣♣# .# .#
.♣ ..


You could see a two-headed ogre.

Vanquished Creatures
  2 two-headed ogres
  An orc knight (Orc:1)
  Pikel (D:7)
  An orc sorcerer (D:9)
  A manticore (D:11)
  An ugly thing (D:11)
  Joseph (D:8)
  Maggie (D:8)
  A komodo dragon (D:8)
  Grinder (D:6)
  A wraith (D:11)
  2 shadows (D:10)
  19 yaks
  3 steam dragons
  Edmund (D:5)
  3 wargs (D:9)
  A water moccasin (D:6)
  Duvessa (D:5)
  A sky beast (D:7)
  4 orc warriors
  An ogre (D:9)
  3 black bears
  6 centaurs
  2 lemures (D:7)
  A phantom (D:5)
  3 kobold brigands
  2 bullfrogs
  5 scorpions
  2 necrophages (D:5)
  Dowan (D:5)
  8 killer bees
  5 howler monkeys
  2 hounds
  4 jellies
  4 orc priests
  Terence (D:2)
  13 orc wizards
  3 iguanas
  6 gnolls
  8 adders
  3 shadow imps
  A white imp (D:5)
  2 ufetubi (D:6)
  2 worms
  37 orcs
  4 endoplasms
  2 giant cockroaches (D:1)
  9 goblins
  A hobgoblin (D:2)
  11 jackals
  19 kobolds
  4 quokkas
  6 ball pythons
  3 bats
  2 frilled lizards
  4 rats
237 creatures vanquished.

Vanquished Creatures (others)
  4 plants
4 creatures vanquished.

Grand Total: 241 creatures vanquished

Notes
Turn   | Place    | Note
-------+----------+-------------------------------------------
     0 | D:1      | dolemite99 the Troll Monk began the quest for the Orb.
     0 | D:1      | Reached XP level 1. HP: 22/22 MP: 0/0
   323 | D:1      | Reached XP level 2. HP: 29/29 MP: 1/1
   939 | D:2      | Reached skill level 4 in Unarmed Combat
   978 | D:2      | Noticed Terence
   991 | D:2      | Killed Terence
   992 | D:2      | Reached XP level 3. HP: 33/36 MP: 2/2
  1013 | D:2      | Got Sif Muna's Octavo of Entranced Generation
  1300 | D:2      | Reached XP level 4. HP: 44/44 MP: 3/3
  1420 | D:2      | Reached skill level 5 in Unarmed Combat
  1505 | D:3      | Found Bismauvo's Jewellery Boutique.
  1875 | D:3      | Found a radiant altar of Vehumet.
  2481 | D:4      | Reached XP level 5. HP: 24/50 MP: 4/4
  2483 | D:4      | Reached skill level 6 in Unarmed Combat
  2505 | D:4      | Reached XP level 6. HP: 25/59 MP: 5/5
  2856 | D:4      | Reached skill level 7 in Unarmed Combat
  3073 | D:5      | Entered Level 5 of the Dungeon
  3105 | D:5      | Reached skill level 8 in Unarmed Combat
  3105 | D:5      | Reached XP level 7. HP: 51/66 MP: 6/6
  3212 | D:5      | Noticed Dowan
  3213 | D:5      | Noticed Duvessa
  3239 | D:5      | Reached skill level 9 in Unarmed Combat
  3246 | D:5      | Killed Duvessa
  3264 | D:5      | Killed Dowan
  3321 | D:5      | Found a staircase to the Ecumenical Temple.
  3347 | Temple   | Entered the Ecumenical Temple
  3566 | Temple   | Became a worshipper of the Wu Jian Council
  3566 | Temple   | Reached * piety under Wu Jian
  3566 | Temple   | Reached ** piety under Wu Jian
  3589 | D:5      | Reached XP level 8. HP: 74/74 MP: 7/7
  3590 | D:5      | Noticed Edmund
  3597 | D:5      | Killed Edmund
  3598 | D:5      | Reached skill level 10 in Unarmed Combat
  3634 | D:5      | Learned a level 3 spell: Ozocubu's Armour
  3770 | D:5      | Found a sacrificial altar of Ru.
  4430 | D:5      | Found a stormy altar of Qazlal.
  4558 | D:6      | Found a blossoming altar of Fedhas.
  4657 | D:6      | Noticed Grinder
  4659 | D:6      | Killed Grinder
  4660 | D:6      | Reached skill level 11 in Unarmed Combat
  4701 | D:6      | Identified the +7 quarterstaff of Reinforcement {venom,
                  | Drain rPois Int+6 SInv}
  5202 | D:6      | Reached skill level 12 in Unarmed Combat
  5380 | D:6      | Reached XP level 9. HP: 71/80 MP: 8/8
  5563 | D:6      | Reached *** piety under Wu Jian
  6586 | D:7      | Noticed Pikel
  6731 | D:7      | Killed Pikel
  6732 | D:7      | Reached skill level 5 in Fighting
  7018 | D:8      | Reached skill level 1 in Shields
  7089 | D:8      | Noticed Joseph
  7236 | D:8      | Killed Joseph
  7237 | D:8      | Reached XP level 10. HP: 52/98 MP: 9/9
  7390 | D:8      | Reached **** piety under Wu Jian
  7417 | D:8      | Found a staircase to the Lair.
  7441 | D:8      | Reached skill level 1 in Evocations
  7737 | D:8      | Noticed Maggie
  7751 | D:8      | Killed Maggie
  8093 | D:8      | Noticed Erica
  8350 | D:9      | Found a shadowy altar of Dithmenos.
  8350 | D:9      | Found a white marble altar of Elyvilon.
  8350 | D:9      | Found a burning altar of Makhleb.
  8610 | D:9      | Reached skill level 5 in Shields
  9180 | D:9      | Found a broken altar of Ashenzari.
  9291 | D:9      | Found Luceapru's Armour Boutique.
  9310 | D:9      | Found a staircase to the Orcish Mines.
  9324 | D:9      | Found Ypridd's Weapon Boutique.
  9371 | Orc:1    | Entered Level 1 of the Orcish Mines
  9372 | Orc:1    | Noticed a two-headed ogre
  9378 | Orc:1    | Noticed an orc knight
  9385 | D:9      | Killed a two-headed ogre
  9394 | D:9      | HP: 2/98 [warg[an orc knight] (13)]
  9808 | Orc:1    | Killed an orc knight
  9809 | Orc:1    | Reached XP level 11. HP: 102/105 MP: 10/10
  9819 | Orc:1    | Noticed an orc sorcerer
  9832 | D:9      | Killed an orc sorcerer
 10866 | D:10     | Entered Level 10 of the Dungeon
 10892 | D:10     | Reached skill level 5 in Evocations
 10983 | D:10     | Reached ***** piety under Wu Jian
 11051 | D:10     | Found Xerotaud's Armour Emporium.
 11105 | D:10     | Found a glowing golden altar of the Shining One.
 11197 | D:10     | Found a runed translucent gate.
 11197 | D:10     | Found a portal to a secret trove of treasure.
 11204 | D:10     | Found a runed translucent gate.
 11204 | D:10     | Found a runed translucent gate.
 11218 | D:10     | Noticed a ten-headed hydra
 11219 | D:10     | Noticed a ten-headed hydra
 11221 | D:10     | Noticed Valamore's ghost (journeyman GrMo)
 11493 | D:11     | Noticed a two-headed ogre
 11501 | D:11     | Killed a two-headed ogre
 11692 | D:11     | Noticed a purple ugly thing
 11693 | D:11     | Noticed a red ugly thing
 11717 | D:11     | Killed a purple ugly thing
 11742 | D:11     | Noticed a boulder beetle
 11752 | D:11     | Noticed a two-headed ogre
 11753 | D:11     | HP: 2/107 [two-headed ogre/+0 giant spiked club (11)]
 11755 | D:11     | Demolished by a two-headed ogre

Illustrated notes

Levels and vault maps discovered:
D:1:      sevenhm_arrival_forest_fort_small_4, layout_loops_ring, serial_glass,
          glass_columns_b, glass_columns_c
D:2:      layout_loops_cross, uniq_terence
D:3:      layout_loops_cross, vehumet_altar_wand_db, serial_shops, shop
D:4:      layout_cave_pools, minmay_misc_feat_hallway
D:5:      layout_basic, nicolae_ru_sacrificial_ziggurat,
          nicolae_overflow_crystal_walls, minmay_temple_entry_crystal_x,
          minmay_fractal_squares_diagonal_5, uniq_duvessa, uniq_edmund
D:6:      layout_basic, amcnicky_altar_gilded, minivault_22,
          hangedman_decor_lopped, grunt_ministairs_2, uniq_grinder
D:7:      layout_rooms, uniq_pikel
D:8:      layout_gridville, kennysheep_mini_moat, david_lair_shrubbed,
          ebering_ghost_inner_flame, serial_park_tiny_pond,
          mrwooster_statue_mirror, jiyva_altar_1, uniq_erica, uniq_maggie,
          uniq_joseph
D:9:      layout_cave_pods, cheibrodos_ashenzari_chains,
          chequers_temple_overflow_statue_of_worship, orc_david_3, minmay_holes
D:10:     layout_basic, nicolae_tso_carved_into_rock,
          gammafunk_ghost_hydra_chop, serial_shops, shop_statue,
          nicolae_trove_entry_isolated
D:11:     minmay_quarter_circles, layout_basic, serial_bayou_pond_a
Temple:   hc_temple_tempest_star
Orc:1:    layout_diamond_mine, minmay_shop_mass

Skill      XL: |  1  2  3  4  5  6  7  8  9 10 11 |
---------------+----------------------------------+-----
Unarmed Combat | 4 5 6 8 9 12 | 12.6
Fighting       | 6 |  6.9
Shields        | 3 6 8 |  8.4
Evocations     | 4 5 |  5.6
Dodging        | |  2.4
Stealth        | |  1.0

Action                     |  1- 3 |  4- 6 |  7- 9 | 10-12 || total
---------------------------+-------+-------+-------+-------++-------
  Melee: Unarmed           |    65 |   109 |   288 |   260 ||   722
         Punch             |     1 |     6 |    10 |       ||    17
  Throw: Dart              |       |       |       |    52 ||    52
Ability: Lunge             |       |       |    19 |     8 ||    27
         Whirlwind         |       |       |    23 |    24 ||    47
         Wall Jump         |       |       |     2 |       ||     2
  Evoke: Wand              |       |     1 |    27 |     9 ||    37
    Use: Scroll            |       |    11 |     9 |     5 ||    25
         Potion            |       |     2 |     2 |     7 ||    11
   Stab: Sleeping          |     3 |     2 |       |       ||     5
         Invisible         |       |       |       |     2 ||     2
 Armour: Robe              |    23 |    55 |    87 |       ||   165
         Steam dragon scal |       |       |       |    44 ||    44
  Dodge: Dodged            |    30 |    71 |   119 |    72 ||   292
  Block: Kite shield       |       |       |    30 |   121 ||   151

Table legend: (Time is in decaauts)
 A = Elapsed time spent in this place.
 B = Non-inter-level travel time spent in this place.
 C = Inter-level travel time spent in this place.
 D = Time resting spent in this place.
 E = Time spent auto-exploring this place.
 F = Levels seen in this place.
 G = Mean time per level.
                   A        B        C        D        E       F      G
               +--------+--------+--------+--------+--------+-----+--------+
         Total |  11670 |  10993 |    677 |   3939 |   4825 |  13 |  897.7 |
       Dungeon |  11370 |  10730 |    640 |   3929 |   4636 |  11 | 1033.6 |
        Temple |    239 |    202 |     37 |      0 |    189 |   1 |  239.0 |
  Orcish Mines |     60 |     60 |      0 |     10 |      0 |   1 |   60.0 |
               +--------+--------+--------+--------+--------+-----+--------+

Top non-repeatable levels by time:
     D:9: 2454 daAuts
     D:6: 1571 daAuts
     D:5: 1268 daAuts
     D:8: 1127 daAuts
     D:3: 912 daAuts
     D:1: 867 daAuts
     D:4: 837 daAuts
     D:7: 786 daAuts
     D:2: 666 daAuts
    D:10: 577 daAuts
    D:11: 300 daAuts
  Temple: 239 daAuts
   Orc:1: 60 daAuts
